AoeStats
← Coyunto90

Arabian Desert

509357115Analyzed
1v1 RM · 5d ago on Sep 26, 2026· 44m 49s· 2 players
Game mode
Random Map
Map size
Tiny (2 player)
Population
200
Speed
Normal
Resources
Standard
Victory
Conquest
Starting age
Dark Age
Ending age
Imperial Age
RankedLock teamsTeams togetherTeam positionsShared explorationLock speedFull tech treeHidden civsTurbo modeCheats
Victory
Defeat
🇩🇪 Lithuanians · Germany
1195
+14
🇪🇸 Tatars · Spain
1154
-14
Coyunto90
7:56 Loom
10:14 Feudal Age
10:43 Double-Bit Axe
20:52 Castle Age
18:59 Gold Mining
20:40 Scale Barding Armor
20:43 Fletching
21:35 Bodkin Arrow
21:51 Light Cavalry
26:31 Scale Barding Armor
28:47 Bow Saw
29:17 Husbandry
30:31 Fervor
32:02 Chain Barding Armor
32:47 Ballistics
35:17 Imperial Age
33:33 Horse Collar
36:34 Elite Skirmisher
38:30 Bracer
39:22 Bloodlines
39:24 Padded Archer Armor
41:45 Conscription
44:26 Masonry
45:49 Chemistry
44:23 Heavy Camel Rider
Weirutz
5:23 Loom
8:51 Feudal Age
9:37 Double-Bit Axe
11:45 Town Watch
15:25 Horse Collar
18:16 Fletching
22:20 Castle Age
22:11 Gold Mining
22:28 Padded Archer Armor
23:17 Bodkin Arrow
24:24 Wheelbarrow
24:01 Bow Saw
24:08 Leather Archer Armor
23:24 Crossbowman
25:36 Heavy Plow
30:09 Ballistics
31:16 Stone Mining
32:52 Hand Cart
33:13 Scale Barding Armor
35:55 Imperial Age
34:10 Bloodlines
34:33 Forging
35:32 Thumb Ring
36:10 Cavalier
36:51 Husbandry
37:02 Pikeman
37:43 Squires
38:04 Chain Barding Armor
38:20 Iron Casting
39:31 Chemistry
40:27 Bracer
41:02 Plate Barding Armor
41:36 Halberdier
42:38 Conscription
42:21 Hill Forts
42:52 Scale Mail Armor
43:23 Ring Archer Armor
Connection lost

Rejoining the realm…

Still unreachable

The connection could not be restored.

Session expired

The server has moved on; the page needs a fresh start.